General information
			
			
        
        - name: BNet
 
        - type: Ladder team game (AT/RT)
 
        - host: Battle.net
 
        - saver: Blahsmack
 
        
map: FullScaleAssault 
        - players: 8
 
        - length: 36:00
 
        - speed: Fast
 - version: 1.22 W3XP
 - replay type:  Public
 
» download(289 KB)
Players
        team 1 (winner) 
              
              
Blahsmack (
teal | 40 APM | 1437 actions | 36:00)
              
 5 Blademaster 
 2 Wind Walk
 3 Critical Strike
 
                » actions 
                
                | Assign group hotkey | 3 |  | 
| Basic commands | 71 |  | 
| Build / train | 81 |  | 
| Enter build submenu | 37 |  | 
| Enter hero's abilities submenu | 5 |  | 
| Give item / drop item | 3 |  | 
| Remove unit from queue | 1 |  | 
| Right click | 660 |  | 
| Select / deselect | 329 |  | 
| Use ability | 247 |  | 
                1437 total
 » units 
                
                | Peon | 24 |  | 
| Troll Batrider | 29 |  | 
| Goblin Zeppelin | 1 |  | 
                54 total
 » upgrades
                
                | Spiked Barricades | 3 |  | 
| Liquid Fire | 1 |  | 
| Reinforced Defenses | 1 |  | 
| Ranged Weapons | 2 |  | 
                7 total
 » buildings
                
                | Orc Burrow | 4 |  | 
| Altar of Storms | 1 |  | 
| War Mill | 1 |  | 
| Watch Tower | 89 |  | 
| Stronghold | 1 |  | 
| Voodoo Lounge | 1 |  | 
| Beastiary | 2 |  | 
| Great Hall | 1 |  | 
| Fortress | 1 |  | 
                101 total
 » build order
                00:07 Orc Burrow
00:19 Altar of Storms
00:47 War Mill
02:11 Watch Tower
02:48 Watch Tower
02:49 Watch Tower
03:06 Orc Burrow
03:46 Watch Tower
04:26 Watch Tower
04:27 Watch Tower
04:29 Watch Tower
04:30 Watch Tower
04:31 Watch Tower
04:56 Watch Tower
05:44 Stronghold
06:12 Watch Tower
06:20 Watch Tower
06:25 Watch Tower
07:24 Watch Tower
07:29 Watch Tower
07:36 Watch Tower
07:46 Watch Tower
07:47 Watch Tower
07:47 Watch Tower
07:50 Watch Tower
07:51 Watch Tower
08:21 Voodoo Lounge
08:59 Watch Tower
09:00 Watch Tower
09:01 Watch Tower
09:02 Watch Tower
09:03 Watch Tower
09:04 Watch Tower
09:25 Beastiary
10:01 Great Hall
10:22 Beastiary
11:17 Watch Tower
11:18 Watch Tower
11:58 Watch Tower
12:05 Watch Tower
12:47 Fortress
13:51 Watch Tower
13:52 Watch Tower
13:58 Watch Tower
14:04 Watch Tower
14:11 Orc Burrow
14:12 Orc Burrow
18:48 Watch Tower
18:49 Watch Tower
18:49 Watch Tower
20:59 Watch Tower
21:00 Watch Tower
21:01 Watch Tower
21:36 Watch Tower
21:37 Watch Tower
21:38 Watch Tower
21:41 Watch Tower
21:42 Watch Tower
21:43 Watch Tower
21:53 Watch Tower
21:54 Watch Tower
21:55 Watch Tower
21:56 Watch Tower
21:57 Watch Tower
21:57 Watch Tower
27:29 Watch Tower
27:30 Watch Tower
27:31 Watch Tower
27:32 Watch Tower
27:35 Watch Tower
27:36 Watch Tower
27:37 Watch Tower
27:38 Watch Tower
27:40 Watch Tower
27:41 Watch Tower
27:44 Watch Tower
27:46 Watch Tower
27:47 Watch Tower
27:54 Watch Tower
27:55 Watch Tower
27:57 Watch Tower
31:29 Watch Tower
31:29 Watch Tower
31:30 Watch Tower
31:31 Watch Tower
31:32 Watch Tower
33:29 Watch Tower
33:31 Watch Tower
33:32 Watch Tower
33:33 Watch Tower
33:33 Watch Tower
33:34 Watch Tower
33:35 Watch Tower
33:36 Watch Tower
33:40 Watch Tower
33:42 Watch Tower
33:42 Watch Tower
33:43 Watch Tower
33:44 Watch Tower
33:45 Watch Tower
33:48 Watch Tower
» items
                
                | Scroll of Regeneration | 1 |  | 
| Lesser Clarity Potion | 1 |  | 
| Potion of Mana | 2 |  | 
| Potion of Healing | 2 |  | 
| Orb of Lightning | 1 |  | 
| Tiny Great Hall | 2 |  | 
| Boots of Speed | 1 |  | 
| Staff of Teleportation | 1 |  | 
                11 total
  
               
              
              
Dakravel (
purple | 77 APM | 2767 actions | 35:57)
              
 6 Blademaster 
 3 Wind Walk
 2 Critical Strike
 1 Bladestorm
 
                » actions 
                
                | Assign group hotkey | 21 |  | 
| Basic commands | 7 |  | 
| Build / train | 73 |  | 
| ESC pressed | 3 |  | 
| Enter build submenu | 31 |  | 
| Enter hero's abilities submenu | 6 |  | 
| Give item / drop item | 1 |  | 
| Right click | 1288 |  | 
| Select / deselect | 283 |  | 
| Select group hotkey | 780 |  | 
| Use ability | 274 |  | 
                2767 total
 » units 
                » upgrades
                
                | Troll Regeneration | 1 |  | 
| Ranged Weapons | 3 |  | 
| Armor | 1 |  | 
| Liquid Fire | 1 |  | 
| Reinforced Defenses | 1 |  | 
                7 total
 » buildings
                
                | War Mill | 2 |  | 
| Orc Burrow | 4 |  | 
| Altar of Storms | 1 |  | 
| Watch Tower | 16 |  | 
| Voodoo Lounge | 1 |  | 
| Stronghold | 1 |  | 
| Barracks | 1 |  | 
| Fortress | 1 |  | 
| Beastiary | 4 |  | 
                31 total
 » build order
                00:18 War Mill
00:35 Orc Burrow
00:46 Altar of Storms
01:52 Watch Tower
02:30 Watch Tower
02:50 Voodoo Lounge
03:24 Watch Tower
03:52 Watch Tower
03:54 Watch Tower
04:22 Watch Tower
05:14 Watch Tower
05:16 Watch Tower
05:44 Watch Tower
06:48 Watch Tower
06:50 Watch Tower
07:06 Watch Tower
07:08 Stronghold
07:12 Orc Burrow
07:14 Orc Burrow
09:15 Watch Tower
09:18 Watch Tower
09:29 Barracks
09:39 Fortress
09:43 Beastiary
09:46 Beastiary
11:16 Watch Tower
11:19 Watch Tower
11:45 Orc Burrow
21:43 Beastiary
21:46 Beastiary
23:32 War Mill
» items
                
                | Boots of Speed | 1 |  | 
| Staff of Teleportation | 1 |  | 
| Lesser Clarity Potion | 3 |  | 
| Healing Salve | 2 |  | 
| Scroll of Speed | 1 |  | 
| Orb of Lightning | 1 |  | 
| Scroll of Town Portal | 1 |  | 
| Tiny Great Hall | 1 |  | 
                11 total
  
               
              
              
Ishamal (
red | 50 APM | 1800 actions | 35:57)
              
 6 Archmage 
 3 Blizzard
 2 Brilliance Aura
 1 Mass Teleport
 5 Paladin 
 3 Holy Light
 2 Divine Shield
 5 Mountain King 
 3 Storm Bolt
 2 Bash
 
                » actions 
                
                | Assign group hotkey | 4 |  | 
| Basic commands | 9 |  | 
| Build / train | 96 |  | 
| ESC pressed | 1 |  | 
| Enter build submenu | 35 |  | 
| Enter hero's abilities submenu | 18 |  | 
| Give item / drop item | 7 |  | 
| Remove unit from queue | 3 |  | 
| Right click | 894 |  | 
| Select / deselect | 418 |  | 
| Select group hotkey | 140 |  | 
| Use ability | 175 |  | 
                1800 total
 » units 
                
                | Peasant | 22 |  | 
| Goblin Zeppelin | 1 |  | 
| Goblin Shredder | 1 |  | 
| Sorceress | 1 |  | 
| Priest | 1 |  | 
| Dragonhawk Rider | 1 |  | 
                27 total
 » upgrades
                
                | Masonry | 3 |  | 
| Lumber Harvesting | 2 |  | 
| Magic Sentry | 1 |  | 
| Sorceress Training | 2 |  | 
| Priest Training | 2 |  | 
| Cloud | 1 |  | 
| Armor | 2 |  | 
| Animal War Training | 1 |  | 
                14 total
 » buildings
                
                | Altar of Kings | 1 |  | 
| Farm | 3 |  | 
| Lumber Mill | 2 |  | 
| Scout Tower | 19 |  | 
| Arcane Tower | 4 |  | 
| Guard Tower | 12 |  | 
| Arcane Vault | 1 |  | 
| Keep | 1 |  | 
| Town Hall | 4 |  | 
| Arcane Sanctum | 1 |  | 
| Castle | 1 |  | 
| Gryphon Aviary | 1 |  | 
| Blacksmith | 1 |  | 
| Barracks | 1 |  | 
                52 total
 » build order
                00:04 Altar of Kings
00:22 Farm
00:54 Lumber Mill
01:03 Lumber Mill
01:16 Scout Tower
01:39 Scout Tower
01:43 Arcane Tower
01:51 Farm
02:19 Guard Tower
02:21 Scout Tower
02:54 Guard Tower
03:13 Scout Tower
03:48 Scout Tower
03:50 Guard Tower
03:57 Scout Tower
03:58 Arcane Vault
04:30 Guard Tower
04:31 Scout Tower
04:32 Scout Tower
04:34 Scout Tower
04:45 Keep
05:01 Arcane Tower
05:16 Guard Tower
05:35 Guard Tower
05:47 Farm
06:06 Town Hall
07:49 Town Hall
07:53 Scout Tower
08:27 Arcane Sanctum
08:49 Guard Tower
08:50 Scout Tower
09:03 Castle
09:38 Arcane Tower
10:18 Scout Tower
11:45 Guard Tower
11:48 Scout Tower
12:26 Arcane Tower
12:28 Scout Tower
13:04 Guard Tower
16:58 Town Hall
20:51 Town Hall
22:24 Scout Tower
22:26 Scout Tower
22:27 Scout Tower
23:27 Guard Tower
23:29 Scout Tower
23:34 Scout Tower
23:54 Guard Tower
24:49 Guard Tower
25:53 Gryphon Aviary
25:54 Blacksmith
25:55 Barracks
» items
                
                | Scroll of Regeneration | 3 |  | 
| Boots of Speed | 2 |  | 
| Staff of Teleportation | 2 |  | 
| Periapt of Vitality | 1 |  | 
| Orb of Lightning | 3 |  | 
| Potion of Healing | 2 |  | 
| Staff of Sanctuary | 1 |  | 
                14 total
  
               
              
              
jonmitz (
green | 50 APM | 1796 actions | 35:57)
              
 3 Blood Mage 
 2 Flame Strike
 1 Banish
 2 Mountain King 
 1 Bash
 1 Storm Bolt
 
                » actions 
                
                | Assign group hotkey | 65 |  | 
| Basic commands | 124 |  | 
| Build / train | 100 |  | 
| ESC pressed | 7 |  | 
| Enter build submenu | 49 |  | 
| Enter hero's abilities submenu | 6 |  | 
| Give item / drop item | 1 |  | 
| Right click | 522 |  | 
| Select / deselect | 486 |  | 
| Select group hotkey | 258 |  | 
| Use ability | 177 |  | 
                1796 total
 » units 
                
                | Peasant | 23 |  | 
| Goblin Shredder | 1 |  | 
| Dragonhawk Rider | 9 |  | 
| Goblin Zeppelin | 1 |  | 
| Gryphon Rider | 2 |  | 
                36 total
 » upgrades
                
                | Masonry | 3 |  | 
| Magic Sentry | 1 |  | 
| Swords | 3 |  | 
| Armor | 3 |  | 
| Cloud | 1 |  | 
| Storm Hammers | 1 |  | 
                12 total
 » buildings
                
                | Altar of Kings | 1 |  | 
| Lumber Mill | 2 |  | 
| Farm | 7 |  | 
| Scout Tower | 66 |  | 
| Guard Tower | 25 |  | 
| Arcane Tower | 8 |  | 
| Arcane Vault | 1 |  | 
| Keep | 1 |  | 
| Blacksmith | 1 |  | 
| Town Hall | 2 |  | 
| Arcane Sanctum | 1 |  | 
| Workshop | 1 |  | 
| Cannon Tower | 4 |  | 
| Castle | 1 |  | 
| Gryphon Aviary | 2 |  | 
                123 total
 » build order
                00:09 Altar of Kings
00:23 Lumber Mill
00:55 Farm
01:20 Scout Tower
01:22 Scout Tower
01:36 Farm
01:39 Farm
01:59 Guard Tower
02:17 Scout Tower
02:20 Scout Tower
02:51 Arcane Tower
02:55 Scout Tower
03:11 Scout Tower
03:24 Arcane Tower
03:26 Guard Tower
03:53 Guard Tower
04:05 Scout Tower
04:07 Scout Tower
04:14 Scout Tower
04:15 Guard Tower
04:24 Farm
04:25 Farm
04:26 Farm
04:28 Farm
04:31 Scout Tower
04:32 Scout Tower
04:38 Scout Tower
04:39 Scout Tower
04:40 Scout Tower
05:20 Arcane Vault
05:22 Guard Tower
05:25 Guard Tower
05:26 Guard Tower
05:26 Guard Tower
05:33 Scout Tower
05:35 Scout Tower
05:41 Scout Tower
05:42 Scout Tower
05:45 Arcane Tower
06:11 Arcane Tower
06:12 Guard Tower
06:30 Guard Tower
06:33 Scout Tower
06:41 Scout Tower
06:42 Scout Tower
06:44 Scout Tower
06:44 Scout Tower
06:45 Scout Tower
06:58 Keep
07:24 Guard Tower
07:25 Guard Tower
07:36 Guard Tower
07:43 Scout Tower
07:43 Scout Tower
07:44 Scout Tower
07:46 Scout Tower
07:51 Scout Tower
07:53 Scout Tower
07:54 Scout Tower
07:55 Scout Tower
07:56 Scout Tower
07:58 Scout Tower
08:51 Guard Tower
08:54 Guard Tower
08:54 Arcane Tower
09:07 Guard Tower
09:16 Scout Tower
09:17 Scout Tower
09:20 Scout Tower
09:28 Blacksmith
09:43 Town Hall
10:51 Scout Tower
10:52 Scout Tower
10:52 Scout Tower
10:53 Scout Tower
10:55 Scout Tower
10:55 Scout Tower
10:56 Scout Tower
10:56 Scout Tower
10:57 Scout Tower
11:28 Lumber Mill
11:38 Arcane Sanctum
11:57 Arcane Tower
12:03 Workshop
12:52 Cannon Tower
12:54 Cannon Tower
12:56 Guard Tower
12:57 Guard Tower
12:58 Arcane Tower
13:00 Guard Tower
13:22 Guard Tower
15:06 Castle
15:17 Guard Tower
15:19 Arcane Tower
16:04 Gryphon Aviary
16:09 Gryphon Aviary
25:31 Town Hall
29:12 Scout Tower
29:13 Scout Tower
29:14 Scout Tower
29:14 Scout Tower
29:15 Scout Tower
29:16 Scout Tower
30:24 Cannon Tower
30:25 Guard Tower
31:20 Guard Tower
32:32 Scout Tower
32:35 Scout Tower
32:36 Scout Tower
32:39 Scout Tower
32:40 Scout Tower
32:41 Scout Tower
32:42 Scout Tower
34:51 Cannon Tower
34:54 Scout Tower
34:55 Scout Tower
» items
                
                | Scroll of Regeneration | 2 |  | 
| Potion of Healing | 2 |  | 
| Orb of Fire | 1 |  | 
| Orb of Lightning | 1 |  | 
                6 total
  
               team 2 (loser) 
              
              
BLaDe_MaStEr_99 (
orange | 81 APM | 2858 actions | 35:11)
              
 5 Death Knight 
 3 Death Coil
 2 Unholy Aura
 
                » actions 
                
                | Assign group hotkey | 150 |  | 
| Basic commands | 55 |  | 
| Build / train | 74 |  | 
| Enter build submenu | 41 |  | 
| Enter hero's abilities submenu | 5 |  | 
| Give item / drop item | 1 |  | 
| Remove unit from queue | 6 |  | 
| Right click | 1434 |  | 
| Select / deselect | 506 |  | 
| Select group hotkey | 522 |  | 
| Use ability | 63 |  | 
                2858 total
 » units 
                
                | Acolyte | 12 |  | 
| Crypt Fiend | 12 |  | 
| Ghoul | 4 |  | 
| Frost Wyrm | 11 |  | 
| Blue Dragon | 1 |  | 
                40 total
 » upgrades
                
                | Creature Attack | 3 |  | 
| Creature Carapace | 1 |  | 
| Web | 1 |  | 
| Freezing Breath | 1 |  | 
                6 total
 » buildings
                
                | Altar of Darkness | 1 |  | 
| Ziggurat | 16 |  | 
| Graveyard | 1 |  | 
| Crypt | 2 |  | 
| Nerubian Tower | 3 |  | 
| Tomb of Relics | 1 |  | 
| Halls of the Dead | 4 |  | 
| Spirit Tower | 3 |  | 
| Black Citadel | 1 |  | 
| Sacrificial Pit | 1 |  | 
| Boneyard | 2 |  | 
                35 total
 » build order
                00:09 Altar of Darkness
00:11 Ziggurat
00:29 Graveyard
00:43 Ziggurat
00:58 Crypt
01:02 Crypt
01:06 Nerubian Tower
01:29 Ziggurat
03:17 Tomb of Relics
04:12 Halls of the Dead
04:12 Halls of the Dead
04:13 Halls of the Dead
05:37 Spirit Tower
05:39 Ziggurat
05:40 Ziggurat
06:38 Black Citadel
07:13 Sacrificial Pit
09:21 Boneyard
10:07 Boneyard
11:05 Ziggurat
11:08 Ziggurat
12:06 Ziggurat
14:37 Ziggurat
25:14 Ziggurat
25:16 Ziggurat
27:50 Spirit Tower
29:32 Ziggurat
29:35 Ziggurat
29:36 Ziggurat
29:37 Ziggurat
29:40 Ziggurat
30:38 Spirit Tower
31:15 Nerubian Tower
31:16 Nerubian Tower
» items
                
                | Rod of Necromancy | 1 |  | 
| Scroll of Healing | 1 |  | 
| Sacrificial Skull | 1 |  | 
| Dust of Appearance | 1 |  | 
                4 total
  
               
              
              
FunK11 (
blue | 75 APM | 2607 actions | 34:47)
              
 5 Archmage 
 3 Blizzard
 2 Brilliance Aura
 2 Blood Mage 
 1 Flame Strike
 1 Siphon Mana
 
                » actions 
                
                | Assign group hotkey | 71 |  | 
| Build / train | 93 |  | 
| Enter build submenu | 38 |  | 
| Enter hero's abilities submenu | 7 |  | 
| Give item / drop item | 1 |  | 
| Right click | 1128 |  | 
| Select / deselect | 372 |  | 
| Select group hotkey | 781 |  | 
| Use ability | 116 |  | 
                2607 total
 » units 
                
                | Peasant | 21 |  | 
| Rifleman | 6 |  | 
| Dragonhawk Rider | 18 |  | 
| Siege Engine | 7 |  | 
| Flying Machine | 2 |  | 
                54 total
 » upgrades
                
                | Gunpowder | 1 |  | 
| Masonry | 1 |  | 
| Lumber Harvesting | 1 |  | 
| Magic Sentry | 1 |  | 
| Swords | 1 |  | 
| Cloud | 1 |  | 
| Animal War Training | 1 |  | 
| Armor | 3 |  | 
| Barrage | 1 |  | 
| Plating | 2 |  | 
| Flak Cannons | 1 |  | 
                14 total
 » buildings
                
                | Blacksmith | 1 |  | 
| Barracks | 1 |  | 
| Altar of Kings | 1 |  | 
| Farm | 10 |  | 
| Lumber Mill | 1 |  | 
| Keep | 1 |  | 
| Town Hall | 1 |  | 
| Scout Tower | 15 |  | 
| Arcane Tower | 7 |  | 
| Gryphon Aviary | 2 |  | 
| Arcane Vault | 1 |  | 
| Guard Tower | 5 |  | 
| Arcane Sanctum | 1 |  | 
| Castle | 1 |  | 
| Workshop | 2 |  | 
                50 total
 » build order
                01:20 Blacksmith
01:26 Barracks
01:38 Altar of Kings
01:41 Farm
01:53 Farm
02:17 Farm
03:14 Lumber Mill
03:20 Farm
04:22 Farm
04:40 Keep
05:46 Town Hall
05:57 Scout Tower
07:01 Arcane Tower
07:20 Scout Tower
07:23 Scout Tower
07:30 Scout Tower
07:34 Scout Tower
07:38 Scout Tower
08:12 Arcane Tower
08:19 Arcane Tower
08:28 Gryphon Aviary
08:39 Scout Tower
08:40 Scout Tower
09:03 Arcane Vault
09:15 Arcane Tower
09:21 Arcane Tower
09:36 Guard Tower
09:47 Arcane Sanctum
10:18 Farm
10:19 Farm
10:31 Arcane Tower
10:51 Scout Tower
10:54 Scout Tower
10:58 Castle
11:04 Scout Tower
12:18 Gryphon Aviary
12:26 Arcane Tower
12:27 Scout Tower
12:31 Scout Tower
13:16 Guard Tower
13:50 Workshop
13:51 Workshop
14:54 Guard Tower
16:14 Farm
16:15 Farm
16:18 Scout Tower
16:19 Scout Tower
16:21 Farm
18:02 Guard Tower
18:51 Guard Tower
» items
                
                | Potion of Healing | 1 |  | 
| Scroll of Town Portal | 1 |  | 
                2 total
  
               
              
              
PiFbg (
pink | 78 APM | 2722 actions | 34:56)
              
 5 Far Seer 
 3 Feral Spirit
 2 Chain Lighting
 2 Tauren Chieftain 
 1 War Stomp
 1 Endurance Aura
 
                » actions 
                
                | Assign group hotkey | 62 |  | 
| Basic commands | 61 |  | 
| Build / train | 110 |  | 
| ESC pressed | 6 |  | 
| Enter build submenu | 26 |  | 
| Enter hero's abilities submenu | 7 |  | 
| Right click | 1130 |  | 
| Select / deselect | 535 |  | 
| Select group hotkey | 634 |  | 
| Use ability | 150 |  | 
                2722 total
 » units 
                
                | Peon | 18 |  | 
| Grunt | 4 |  | 
| Troll Witch Doctor | 4 |  | 
| Spirit Walker | 3 |  | 
| Tauren | 5 |  | 
| Blue Dragon Whelp | 1 |  | 
| Shaman | 2 |  | 
| Demolisher | 8 |  | 
                45 total
 » upgrades
                
                | Spirit Walker Training | 2 |  | 
| Witch Doctor Training | 2 |  | 
| Armor | 3 |  | 
| Pulverize | 1 |  | 
| Shaman Training | 2 |  | 
| Melee Weapons | 1 |  | 
| Ranged Weapons | 3 |  | 
| Burning Oil | 1 |  | 
                15 total
 » buildings
                
                | Altar of Storms | 1 |  | 
| Orc Burrow | 8 |  | 
| Barracks | 2 |  | 
| Stronghold | 5 |  | 
| War Mill | 1 |  | 
| Fortress | 4 |  | 
| Spirit Lodge | 2 |  | 
| Tauren Totem | 2 |  | 
| Watch Tower | 6 |  | 
| Great Hall | 1 |  | 
| Voodoo Lounge | 1 |  | 
                33 total
 » build order
                00:16 Altar of Storms
00:18 Orc Burrow
00:30 Barracks
01:43 Orc Burrow
02:52 Stronghold
02:52 Stronghold
02:53 Stronghold
04:04 War Mill
05:34 Fortress
05:34 Fortress
05:34 Fortress
05:38 Orc Burrow
05:43 Spirit Lodge
05:53 Spirit Lodge
07:20 Orc Burrow
07:57 Tauren Totem
08:01 Tauren Totem
10:29 Orc Burrow
11:58 Orc Burrow
12:38 Orc Burrow
17:34 Orc Burrow
21:16 Barracks
21:20 Watch Tower
25:08 Watch Tower
27:31 Great Hall
27:38 Watch Tower
27:39 Watch Tower
27:40 Watch Tower
27:41 Watch Tower
29:01 Voodoo Lounge
 
               
              
              
Talipse (
yellow | 55 APM | 1992 actions | 35:57)
              
 5 Priestess of the Moon 
 3 Trueshot Aura
 1 Scout
 1 Searing Arrows
 4 Keeper of the Grove 
 2 Entangling Roots
 2 Force of Nature
 
                » actions 
                
                | Assign group hotkey | 33 |  | 
| Basic commands | 135 |  | 
| Build / train | 96 |  | 
| Enter build submenu | 39 |  | 
| Enter hero's abilities submenu | 9 |  | 
| Remove unit from queue | 6 |  | 
| Right click | 531 |  | 
| Select / deselect | 475 |  | 
| Select group hotkey | 606 |  | 
| Use ability | 62 |  | 
                1992 total
 » units 
                
                | Wisp | 38 |  | 
| Archer | 10 |  | 
| Dryad | 5 |  | 
| Chimaera | 11 |  | 
| Blue Drake | 1 |  | 
| Glaive Thrower | 2 |  | 
| Goblin Shredder | 1 |  | 
| Goblin Zeppelin | 2 |  | 
| Blue Dragon | 1 |  | 
                71 total
 » upgrades
                
                | Improved Bows | 1 |  | 
| Strength of the Moon | 1 |  | 
| Abolish Magic | 1 |  | 
| Corrosive Breath | 1 |  | 
| Strength of the Wild | 3 |  | 
| Marksmanship | 1 |  | 
| Vorpal Blades | 0 |  | 
| Reinforced Hides | 0 |  | 
                8 total
 » buildings
                
                | Altar of Elders | 1 |  | 
| Moon Well | 9 |  | 
| Ancient of War | 1 |  | 
| Tree of Ages | 1 |  | 
| Hunter's Hall | 1 |  | 
| Ancient of Wonders | 2 |  | 
| Ancient of Lore | 1 |  | 
| Tree of Eternity | 1 |  | 
| Ancient of Wind | 1 |  | 
| Chimaera Roost | 2 |  | 
| Tree of Life | 1 |  | 
| Ancient Protector | 10 |  | 
                31 total
 » build order
                00:07 Altar of Elders
00:20 Moon Well
01:17 Ancient of War
01:38 Moon Well
02:05 Moon Well
03:27 Tree of Ages
03:37 Hunter's Hall
04:48 Moon Well
05:39 Ancient of Wonders
06:11 Ancient of Wonders
07:00 Ancient of Lore
07:46 Tree of Eternity
11:38 Ancient of Wind
12:15 Moon Well
12:20 Moon Well
13:13 Chimaera Roost
14:02 Chimaera Roost
14:52 Moon Well
16:07 Moon Well
16:32 Moon Well
24:32 Tree of Life
25:16 Ancient Protector
25:47 Ancient Protector
27:42 Ancient Protector
27:45 Ancient Protector
27:47 Ancient Protector
27:51 Ancient Protector
27:55 Ancient Protector
28:35 Ancient Protector
28:40 Ancient Protector
28:46 Ancient Protector
 
                Chat log
          (00:07 / Allies) Ishamal: garg feed
(00:14 / Allies) Ishamal: k
(00:26 / Allies) jonmitz: click where i build
(00:27 / Allies) jonmitz: and i shall
(00:31 / Allies) jonmitz: rgr
(00:59 / Allies) Dakravel: right where the ground goe sup
(01:09 / Allies) jonmitz: im building in the middle of that ping
(02:21 / All) Dakravel: hi :3
(02:25 / All) PiFbg: :P
(02:26 / Allies) jonmitz: hello :)
(02:31 / All) jonmitz: hello :)
(02:37 / All) Dakravel: do you guys want to play a game?
(02:39 / Allies) Ishamal: i did
(02:46 / All) jonmitz: have fun okay!!!! dont be like the last guys who got upset!!!!! thanks!!!!! xoxox
(03:04 / Allies) Ishamal: blah
(03:35 / Allies) jonmitz: safe to build here
(03:36 / Allies) jonmitz: yes/no
(03:43 / Allies) jonmitz: teching
(04:11 / Allies) Ishamal: ud is pretty nub
(05:28 / Allies) Ishamal: what
(05:29 / Allies) Ishamal: is this
(05:47 / Allies) Ishamal: this is stupid
(05:49 / All) Blahsmack: bad manner
(05:50 / Allies) Ishamal: i can still see you type
(05:51 / All) PiFbg: hacing? xD
(07:28 / Allies) jonmitz: dak noo
(07:31 / All) PiFbg: what's the big idea with the towers?
(07:33 / Allies) jonmitz: ur taking my cannon tower spots you jerk
(07:39 / All) jonmitz: what towers?
(08:04 / All) FunK11: get a life
(08:08 / All) FunK11: fuckin 4 hour games
(08:08 / All) jonmitz: huh?
(08:09 / All) FunK11: assholes
(08:10 / All) jonmitz: what?
(08:11 / All) Blahsmack: manners
(08:12 / Allies) jonmitz: wow
(08:17 / All) FunK11: ethics
(08:25 / All) Blahsmack: mannerrs please
(08:30 / All) FunK11: ethics please
(08:56 / Allies) Ishamal: wait on my pall
(08:58 / All) FunK11: quit ruining the game
(09:34 / Allies) jonmitz: mine
(10:39 / Allies) jonmitz: tee hee
(11:01 / Allies) Ishamal: im 3/2
(11:24 / Allies) Dakravel: get reveal jon
(11:29 / Allies) jonmitz: i am
(11:30 / Allies) Blahsmack: need maguic sentryiesz
(11:39 / Allies) Blahsmack: creep da mid
(11:41 / Allies) Blahsmack: so dey cant
(11:46 / Allies) Dakravel: lumber
(13:07 / Allies) jonmitz: dey attckin
(13:07 / Allies) jonmitz: at bottom
(13:18 / Allies) jonmitz: taurens n shit
(13:23 / All) FunK11: sigh
(13:29 / All) FunK11: not even fun playing anymore
(13:33 / All) jonmitz: byw
(13:35 / All) jonmitz: leave
(13:41 / All) FunK11: get a real strat
(13:43 / All) FunK11: tower abusers
(13:48 / All) jonmitz: get a real job
(13:52 / All) Dakravel: learn to beat towers, not hard
(13:58 / All) jonmitz: "siege"
(13:59 / All) jonmitz: oops
(14:04 / All) jonmitz: i gave up our secret TEE HEE
(14:18 / All) FunK11: yeah, ive played your abusing asses before
(14:20 / All) FunK11: nice try
(14:27 / All) Blahsmack: lol
(14:33 / Allies) jonmitz: they can not pass
(15:50 / Allies) Ishamal: ill clear it
(16:17 / Allies) Ishamal: cloud
(16:25 / Allies) Ishamal: need bats
(17:20 / Allies) jonmitz: put some bats at bottom too
(17:49 / Allies) Dakravel: get our own hawks
(17:50 / Allies) Dakravel: jesus
(17:55 / Allies) Ishamal: no food
(17:56 / Allies) jonmitz: i am building them
(17:57 / Allies) jonmitz: f y i
(18:08 / Allies) jonmitz: frost wyrms
(18:13 / Allies) jonmitz: i need to break food limit?
(18:17 / Allies) Dakravel: ugh
(18:18 / Allies) Dakravel: 13k gold ish
(18:19 / Allies) Dakravel: wtf
(18:21 / Allies) Blahsmack: need hawls
(18:22 / Allies) Dakravel: give me
(18:23 / Allies) Dakravel: a lot
(18:23 / Allies) Ishamal: want some?
(18:27 / Allies) Dakravel: BUID SOMETHING
(18:31 / Allies) Ishamal: im at max food
(18:56 / All) FunK11: another game... ruined by assholes
(20:04 / Allies) Ishamal: take out hawks
(20:47 / Allies) Dakravel: lumber
(20:48 / Allies) Dakravel: now
(20:51 / Allies) Dakravel: and
(20:52 / Allies) Dakravel: get
(20:52 / Allies) Dakravel: hawks
(20:53 / Allies) Dakravel: you niggers
(20:57 / Allies) jonmitz: food
(20:59 / Allies) jonmitz: i was told!!!!111
(21:02 / Allies) Dakravel: what
(21:02 / Allies) Dakravel: he
(21:03 / Allies) Dakravel: fuck
(21:06 / Allies) Blahsmack: what did you spend your food on
(21:07 / Allies) Dakravel: did you spend 50 food on
(21:09 / Allies) Blahsmack: you nigger
(21:15 / Allies) Ishamal: i have 2 expos
(21:23 / Allies) Ishamal: ill kill some peons when my main is empty
(21:23 / Allies) Blahsmack: you should only have 24 if you have peons and 1 hero
(21:29 / Allies) Ishamal: i have 3 heroes
(21:30 / Allies) Blahsmack: kill 5 lumber peons
(21:30 / Allies) Blahsmack: then
(21:32 / Allies) jonmitz: i am making food
(22:15 / Allies) Ishamal: need to take these
(22:32 / Allies) jonmitz: i agree
(24:19 / Allies) Dakravel: what
(24:20 / Allies) Dakravel: he fuck
(24:24 / Allies) jonmitz: ?
(24:26 / Allies) jonmitz: huh
(24:49 / Allies) Dakravel: lumber to blah
(24:55 / Allies) Blahsmack: lumbe rme or i quit
(25:13 / Allies) Blahsmack: round 2
(25:16 / Allies) Blahsmack: tons of hawks
(25:25 / Allies) jonmitz: i have somes too :3
(26:34 / Allies) jonmitz: hawks all dead
(27:03 / All) FunK11: ...g et a life
(27:06 / All) jonmitz: no u
(27:10 / All) Blahsmack: you do the same shit
(27:13 / All) Blahsmack: and it never workas
(27:17 / All) FunK11: I DO THE SAME SHIT?
(27:19 / All) Blahsmack: maybe a new approach is needed
(27:23 / All) FunK11: HOW ARE WE MAKING 500 TOWERS
(27:25 / Allies) jonmitz: lol
(27:27 / All) FunK11: COCK SUCKING SACK OF SHIT
(27:28 / All) jonmitz: manners
(27:30 / All) jonmitz: MANNERS
(27:32 / All) jonmitz: REPORTED
(27:36 / Allies) Ishamal: ahahaha
(28:26 / Allies) jonmitz: go
(29:08 / Allies) Ishamal: thought i was gonna lose it
(29:43 / Allies) jonmitz: hm
(29:46 / All) jonmitz: interesting strategy
(31:30 / Allies) jonmitz: ishmal
(31:32 / Allies) jonmitz: 26k gold
(31:35 / Allies) jonmitz: might as well
(31:35 / All) PiFbg: FU NOOB
(31:36 / Allies) jonmitz: make more towers
(31:38 / Allies) Ishamal: jew hoard
(31:42 / All) FunK11: go play dota
(31:44 / All) FunK11: same shit
(31:45 / All) FunK11: assholes
(31:48 / All) jonmitz: you know
(31:53 / Allies) Blahsmack: need aoe
(31:54 / Allies) Blahsmack: jon
(31:55 / Allies) Blahsmack: on 
(31:56 / Allies) Blahsmack: outr
(31:56 / All) jonmitz: you are tactically retarded
(31:57 / Allies) Blahsmack: side
(32:02 / Allies) Blahsmack: they think this side is weaker
(32:04 / All) BLaDe_MaStEr_99: Wow
(32:06 / All) BLaDe_MaStEr_99: Good 1
(32:06 / Allies) jonmitz: ok
(32:07 / All) FunK11: you know... you abuse towers
(32:10 / Allies) jonmitz: bringing peasants
(32:15 / All) FunK11: and my dog has more skillthan you
(32:23 / All) jonmitz: ur losing
(32:28 / All) jonmitz: what r u talkin about
(32:34 / All) FunK11: youll notice no replays have your strat.. caues its not considered ethical
(32:45 / All) Dakravel: ethics?
(33:56 / All) jonmitz: try a different strat
(34:00 / Allies) Blahsmack: check
(34:02 / All) FunK11: WE HAVE
(34:04 / All) BLaDe_MaStEr_99: There isnt a strat?
(34:06 / All) FunK11: WEVE TRIED EVERYTING VS THIS SHIT
(34:13 / Allies) jonmitz: free item
(34:13 / All) FunK11: I KNOW YOURE LIKE 100-1
(34:14 / Allies) Ishamal: both clear
(34:22 / All) jonmitz: maybe try not attacking towers head on
(34:30 / All) FunK11: and you just switch one person out for teams
(34:34 / Allies) Ishamal: LAGGING
(34:40 / All) jonmitz: jesus
(34:43 / Allies) Ishamal: 5/5/5
(34:48 / Allies) Ishamal: pro or what?
(34:50 / All) Ishamal: owned
(34:55 / All) Ishamal: get out nubs
(34:56 / All) jonmitz: GG
(35:02 / All) jonmitz: u tried, right
(35:05 / All) jonmitz: thats all that counts
(35:05 / All) Ishamal: noobs
(35:07 / All) Blahsmack: got
(35:09 / All) Blahsmack: so far
(35:10 / All) Blahsmack: in the end
(35:12 / All) Blahsmack: it doesnt really matter
(35:23 / Allies) Ishamal: so dont cry dak